 Dungeon Crawl Stone Soup version 0.30.1-9-gdf580d7c3d (webtiles) character file.

Game seed: 6092523853142666273

102 Chiseanne the Trooper (level 4, 0/37 HPs)
             Began as a Demonspawn Wanderer on Oct 14, 2023.
             Slain by Natasha (5 damage)
             ... on level 2 of the Dungeon.
             The game lasted 00:02:38 (1335 turns).

Chiseanne the Trooper (Demonspawn Wanderer)         Turns: 1335, Time: 00:02:39

Health: 0/37       AC:  9    Str: 13    XL:     4   Next: 50%
Magic:  7/8        EV:  7    Int: 16    God:
Gold:   131        SH:  5    Dex: 11    Spells: 7/8 levels left

rFire   . . .        a - +1 hand axe
rCold   . . .        (no shield)
rNeg    . . .        e - +0 chain mail
rPois   .            (no helmet)
rElec   .            (no cloak)
rCorr   .            (no gloves)
SInv    .            f - +0 pair of boots
Will    .....        c - amulet of reflection Stlth
                     (no ring)
HPRegen 0.26/turn    (no ring)
MPRegen 0.11/turn

%: reflection
@: mighty
A: ignite blood 1, weakness stinger 1
a: no special abilities


You were on level 2 of the Dungeon.
You visited 1 branch of the dungeon, and saw 2 of its levels.

You collected 131 gold pieces.

Inventory:

Hand Weapons
 a - a +1 hand axe (weapon)
Missiles
 d - 31 stones
Armour
 e - a +0 chain mail (worn)
 f - a +0 pair of boots (worn)
Jewellery
 c - an amulet of reflection (around neck)
Scrolls
 b - a scroll of blinking
 g - a scroll of brand weapon {unknown}
 h - a scroll of identify
 j - a scroll of fog {unknown}
Potions
 k - a potion of curing {unknown}


   Skills:
 * Level 3.7 Fighting
 - Level 1.7 Axes
 * Level 2.0 Armour
 * Level 1.8 Dodging
 * Level 2.7 Spellcasting
 - Level 2.1 Necromancy


You had 7 spell levels left.
You knew the following spells:

 Your Spells              Type           Power      Damage    Failure   Level
a - Kiss of Death         Conj/Necr      20%        2d7       94%         1

Your spell library contained the following spells:

 Spells                   Type           Power      Damage    Failure   Level
 Anguish                  Hex/Necr       2%         N/A       100%        4
 Animate Dead             Necr           9%         N/A       100%        4


Dungeon Overview and Level Annotations

Branches:
Dungeon (2/15)

Altars:

Annotations:
D:2 Natasha


Innate Abilities, Weirdness & Mutations

Your demonic aura sometimes causes spilled blood to erupt in flames.
You have a small tail.


Message History

You slash the goblin!
You kill the goblin!
You hit Natasha. You block Natasha's attack.
You barely miss Natasha.
Your tail-slap misses Natasha.
Natasha is moderately wounded.
Natasha closely misses you. Natasha claws you!
You hit Natasha.
Natasha is heavily wounded.
Natasha claws you but does no damage.
You hit Natasha.
Your tail-slap misses Natasha.
Natasha is severely wounded.
Natasha claws you.
You closely miss Natasha. You tail-slap Natasha.
Natasha is severely wounded.
Natasha claws you but does no damage.
You hit Natasha.
You kill Natasha!
Natasha screams in pain as she dies!
You have reached level 4!
You feel clever.
Natasha, Servant of Life and Death comes into view.
Things that are here:
a +0 club; a potion of degeneration; 10 gold pieces Jessica the Apprentice Sorceress comes into view.
She is wielding a +0 dagger.
Jessica shouts!
You hit Jessica but do no damage. Jessica hits you but does no damage.
It was a potion of might.
You feel very mighty all of a sudden. Jessica hits you but does no damage.
You slash Jessica!
You kill Jessica!
You barely miss Natasha. Natasha claws you.
Your Armour skill increases to level 2!
You completely miss Natasha.
Your tail-slap misses Natasha.
Natasha stares at you and mumbles some strange words.
The magic dart hits you!
You barely miss Natasha. Natasha claws you!
* * * LOW HITPOINT WARNING * * *
You barely miss Natasha. Natasha claws you.
You die...

...##....>.............#
>.......................
#####.......#...........
#...............#...
##....[...#..##.##...
#...).......###..#.##
#.#.......#.# ##...#.
#.##h.###.#...###.##. ..
#@## #.###.# #.#.. #.
#)# ..# ..#.[#.. .!. ###
....... ....# ##.....
###≈.. #...# #≈... ....
#≈~.~ #≈~...


You could see Natasha.

Vanquished Creatures
  Jessica (D:2)
  Natasha (D:2)
  2 worms (D:2)
  A dart slug (D:2)
  A bat (D:1)
  An endoplasm (D:1)
  2 giant cockroaches
  2 goblins (D:2)
  7 hobgoblins
  7 jackals (D:1)
  2 kobolds (D:2)
  2 quokkas
  5 ball pythons
  4 frilled lizards (D:1)
  2 rats (D:1)
40 creatures vanquished.

Notes
Turn   | Place    | Note
-------+----------+-------------------------------------------
     0 | D:1      | Chiseanne the Demonspawn Wanderer began the quest for the
                  | Orb.
     0 | D:1      | Chiseanne set off with the following items: a +1 hand axe,
                  | a scroll of blinking, a +0 robe; and the following spell
                  | memorised: Kiss of Death; and the following spells
                  | available to memorise: Animate Dead, Anguish.
     0 | D:1      | Reached XP level 1. HP: 18/18 MP: 3/3
   278 | D:1      | Found a faded altar of an unknown god.
   334 | D:1      | Gained mutation: You have a small tail. [demonic ancestry]
   334 | D:1      | Reached XP level 2. HP: 20/24 MP: 5/5
   486 | D:1      | Reached skill level 1 in Dodging
   969 | D:1      | Gained mutation: Your demonic aura sometimes causes spilled
                  | blood to erupt in flames. [demonic ancestry]
   969 | D:1      | Reached XP level 3. HP: 21/29 MP: 6/6
  1313 | D:2      | Noticed Natasha
  1323 | D:2      | Killed Natasha
  1324 | D:2      | Reached XP level 4. HP: 22/36 MP: 7/7
  1325 | D:2      | Noticed Natasha
  1328 | D:2      | Noticed Jessica
  1332 | D:2      | Killed Jessica
  1335 | D:2      | Slain by Natasha

Illustrated notes

Levels and vault maps discovered:
D:1:      onia_arrival_mini_spirals, layout_basic,
          hellmonk_ecumenical_altar_heavens_door, kennysheep_pointless_box,
          nicolae_concentric_dashed_squares_wild
D:2:      layout_rooms, chequers_serial_rivers_micro_e, minmay_pentomino_r4,
          uniq_natasha, uniq_jessica

Skill      XL: |  1  2  3  4 |
---------------+-------------+-----
Dodging        | 1 |  1.8
Armour         | 2 |  2.0
Fighting       | |  3.7
Axes           | |  1.7
Spellcasting   | |  2.7
Necromancy     | |  2.1

Action                     |  1- 3 |  4- 6 || total
---------------------------+-------+-------++-------
  Melee: Hand axe          |   121 |     5 ||   126
         Tailslap          |    11 |       ||    11
         Punch             |     2 |       ||     2
    Use: Scroll            |     4 |       ||     4
         Potion            |       |     1 ||     1
   Stab: Sleeping          |     1 |       ||     1
 Armour: Chain mail        |    83 |     2 ||    85
         Robe              |     2 |       ||     2
  Dodge: Dodged            |    48 |       ||    48
  Block: Other             |     4 |       ||     4
